 Dungeon Crawl Stone Soup version 0.30-a0-556-g0a0f5a245f (webtiles) character file.

Game seed: 13943943143521726021

3691 Bnni the Jinx (level 10, -1/76 HPs)
             Began as a Formicid Hexslinger on Dec 27, 2022.
             Was a Believer of Dithmenos.
             Slain by an orc priest
             ... wielding a +0 flail
              (7 damage)
             ... on level 8 of the Dungeon.
             The game lasted 00:25:09 (7554 turns).

Bnni the Jinx (Formicid Hexslinger)                 Turns: 7554, Time: 00:25:10

Health: -1/76      AC:  9    Str: 15    XL:     10   Next: 35%
Magic:  25/25      EV: 12    Int: 15    God:    Dithmenos [**....]
Gold:   775        SH:  0    Dex: 16    Spells: 1/17 levels left

rFire   . . .      SeeInvis +    G - +0 arbalest
rCold   . . .      Faith    +    (no shield)
rNeg    . . .      Spirit   .    D - +0 steam dragon scales
rPois   .          Reflect  .    (helmet unavailable)
rElec   .          Harm     .    g - +0 cloak
rCorr   .          Rampage  .    (no gloves)
Will    +....                    h - +2 pair of boots
Stlth   ++                       l - amulet of faith
HPRegen 0.32/turn                n - ring of wizardry
MPRegen 0.19/turn                i - ring of magical power

@: wreathed by umbra
A: permanent stasis, dig shafts and tunnels, antennae 3, four strong arms
a: Dig, Shaft Self, Renounce Religion, Shadow Step


You were on level 8 of the Dungeon.
You worshipped Dithmenos.
Dithmenos was pleased with you.
You visited 2 branches of the dungeon, and saw 9 of its levels.
You also visited: Ossuary.

You collected 830 gold pieces.
You spent 55 gold pieces at shops.

Inventory:

Hand Weapons
 o - a +0 shortbow
 u - the +7 dagger of Risk Management {heavy, Will+}
   (You found it on level 4 of the Dungeon)

   It deals dramatically more damage, but attacks with it are much slower.
   Will:      It increases your willpower.
 G - a +0 arbalest (weapon)
Missiles
 A - 2 throwing nets
Armour
 g - a +0 cloak (worn)
 h - a +2 pair of boots (worn)
 y - a +0 kite shield
 D - +0 steam dragon scales (worn)
Jewellery
 i - a ring of magical power (right hand)
 l - an amulet of faith (around neck)
 n - a ring of wizardry (left hand)
Wands
 p - a wand of flame (14)
 z - a wand of iceblast (12)
 E - a wand of charming (15)
Scrolls
 b - 2 scrolls of poison
 d - 4 scrolls of teleportation {unknown}
 f - 2 scrolls of fear
 k - a scroll of fog
 r - 4 scrolls of immolation
 t - 2 scrolls of enchant armour
 v - 2 scrolls of magic mapping
 C - a scroll of amnesia
 F - a scroll of blinking
Potions
 c - 2 potions of resistance {unknown}
 e - 2 potions of lignification
 j - a potion of attraction
 m - 2 potions of heal wounds
 q - a potion of curing
 s - a potion of might
 w - 2 potions of flight
 x - 4 potions of mutation {unknown}
 B - 2 potions of haste {unknown}


   Skills:
 + Level 6.0 Fighting
 * Level 8.1 Ranged Weapons
 - Level 1.7 Dodging
 + Level 4.6 Shields
 - Level 4.0 Spellcasting
 + Level 9.4 Hexes
 - Level 3.0 Translocations
 - Level 2.0 Transmutations
 - Level 3.0 Fire Magic


You had one spell level left.
You knew the following spells:

 Your Spells              Type           Power      Damage    Failure   Level
a - Slow                  Hex            100%       N/A       1%          1
b - Inner Flame           Hex/Fire       21%        N/A       1%          3
c - Summon Guardian Gole  Hex/Summ       17%        N/A       3%          3
d - Cause Fear            Hex            15%        N/A       1%          4
e - Portal Projectile     Hex/Tloc       42%        N/A       1%          3
w - Wereblood             Tmut           9%         N/A       4%          2

Your spell library contained the following spells:

 Spells                   Type           Power      Damage    Failure   Level
 Sublimation of Blood     Necr           3%         N/A       11%         2
 Orb of Destruction       Conj           1%         9d5       100%        7
 Spellforged Servitor     Conj/Summ      1%         N/A       100%        7
 Summon Hydra             Summ           1%         N/A       100%        7


Dungeon Overview and Level Annotations

Branches:
Dungeon (8/15)             Temple (1/1) D:4         Ossuary (visited)
   Lair: D:8-11

Altars:
Ashenzari
Cheibriados
Dithmenos
Fedhas
Hepliaklqana
Kikubaaqudgha
Makhleb
Nemelex Xobeh
Qazlal
Ru
Sif Muna
Uskayaw
Vehumet
Xom
Yredelemnul
The Shining One

Shops:
D:3 !   D:5 [

Annotations:
D:8 2 runed translucent doors


Innate Abilities, Weirdness & Mutations

You cannot be hasted, slowed, berserked, paralysed or teleported.
You can dig through walls and to a lower floor.
You have a pair of large antennae on your head. (SInv)
Your four strong arms can wield two-handed weapons with a shield.


Message History

Aim: an orc priest, wielding a +0 flail (umbra, 63% to hit)
You shoot a bolt. The bolt hits the orc priest!
The orc priest is heavily wounded.
The orc priest closely misses you. The goblin misses you.
The goblin barely misses you.
The orc priest hits you with a +0 flail.
The goblin misses you.
Fire: G) +0 arbalest
Press: ? - help, Shift-Dir - straight line, f/p - orc priest
Aim: an orc priest, wielding a +0 flail (heavily wounded, umbra, 63% to hit)
You shoot a bolt. The bolt hits the orc priest!
The orc priest is almost dead.
The goblin barely misses you. The orc priest closely misses you.
The goblin hits you from afar with a +0 spear.
The goblin hits you but does no damage.
Unknown command.
Fire: G) +0 arbalest
Press: ? - help, Shift-Dir - straight line, f/p - orc priest
Aim: an orc priest, wielding a +0 flail (almost dead, umbra, 63% to hit)
You shoot a bolt. The bolt barely misses the orc priest.
The bolt barely misses the goblin.
The orc priest hits you with a +0 flail!
The goblin hits you but does no damage.
The goblin hits you from afar with a +0 spear.
* * * LOW HITPOINT WARNING * * *
The orc priest mumbles some strange prayers to Beogh against you.
Pain shoots through your body!
* * * LOW HITPOINT WARNING * * *
The goblin splashes around in the water.
Unknown command.
Fire: G) +0 arbalest
Press: ? - help, Shift-Dir - straight line, f/p - orc priest
Aim: an orc priest, wielding a +0 flail (almost dead, umbra, 63% to hit)
You shoot a bolt.
The bolt hits the orc priest but does no damage.
The orc priest is almost dead.
The goblin hits you from afar with a +0 spear.
* * * LOW HITPOINT WARNING * * *
The orc priest hits you with a +0 flail!
You die...

......#. .|+ .
...../..##.# { .8
..?..).....## {{8#
#....#...#./.######
#...?.....[..).....
#.......#†<..##..c.
##..~~~~g)#...# #<.
##...~###9##...# .
......go@..#....#
..#..~###~.....##
#.. ~~.....# ##
.....### ......#
......# ....#..#
.#.##


You could see an orc priest, 2 goblins and a friendly guardian golem (summoned).

Vanquished Creatures
  2 kobold demonologists (D:7)
  An orc warrior (D:8)
  2 centaurs (D:8)
  3 phantoms
  A kobold brigand (D:7)
  4 bullfrogs
  A necrophage (D:7)
  A scorpion (D:4)
  2 wights (D:7)
  A jelly (D:6)
  2 hounds
  3 iguanas
  Natasha (thrice) (D:3)
  6 orc wizards
  2 mummies (Ossuary)
  6 gnolls
  5 adders
  An ufetubus (D:6)
  4 worms
  6 dart slugs
  12 orcs
  8 ball pythons
  6 bats
  A bat zombie (D:4)
  3 endoplasms (D:2)
  3 giant cockroaches
  3 gnoll zombies (Ossuary)
  8 goblins
  6 hobgoblins
  3 jackals (D:3)
  4 quokkas
  5 frilled lizards
  5 goblin zombies (Ossuary)
  3 hobgoblin zombies (Ossuary)
  18 kobolds
  3 orc zombies (Ossuary)
  6 rats
153 creatures vanquished.

Vanquished Creatures (others)
  Maggie (D:6)
  A wyvern (D:6)
  A water moccasin (D:6)
  2 ice beasts
  2 orc warriors
  2 centaurs
  A phantom (D:4)
  A scorpion (D:5)
  A wight (D:7)
  Crazy Yiuf (D:4)
  A hound (D:5)
  3 iguanas (D:4)
  2 orc wizards (D:4)
  5 gnolls
  An ufetubus (D:3)
  2 orcs
  A kobold (D:7)
28 creatures vanquished.

Grand Total: 181 creatures vanquished

Notes
Turn   | Place    | Note
-------+----------+-------------------------------------------
     0 | D:1      | Bnni the Formicid Hexslinger began the quest for the Orb.
     0 | D:1      | Reached XP level 1. HP: 15/15 MP: 2/2
   258 | D:1      | Reached XP level 2. HP: 20/21 MP: 3/3
   384 | D:1      | Reached skill level 4 in Hexes
   484 | D:1      | Found a faded altar of an unknown god.
   782 | D:2      | Reached XP level 3. HP: 26/26 MP: 4/4
   836 | D:2      | Learned a level 3 spell: Inner Flame
   921 | D:2      | Reached skill level 1 in Fire Magic
  1062 | D:2      | Reached XP level 4. HP: 32/32 MP: 6/6
  1118 | D:2      | Found an ancient bone altar of Kikubaaqudgha.
  1731 | D:3      | Found Anuf Tibra's Distillery.
  1737 | D:3      | Bought a potion of heal wounds for 55 gold pieces
  1829 | D:3      | Noticed Natasha
  1851 | D:3      | Killed Natasha
  2003 | D:3      | Identified the +2 robe of the Ten Runes {*Slow +Inv Str+6}
  2025 | D:3      | Reached XP level 5. HP: 38/38 MP: 7/7
  2069 | D:3      | Found a broken altar of Ashenzari.
  2071 | D:3      | Found a sparkling altar of Nemelex Xobeh.
  2071 | D:3      | Found a shadowy altar of Dithmenos.
  2158 | D:3      | Noticed Natasha
  2165 | D:3      | Killed Natasha
  2174 | D:3      | Noticed Natasha
  2177 | D:3      | Killed Natasha
  2178 | D:3      | Reached skill level 5 in Hexes
  2232 | D:3      | Learned a level 3 spell: Summon Guardian Golem
  2787 | D:4      | Found a staircase to the Ecumenical Temple.
  2816 | D:4      | Reached XP level 6. HP: 38/46 MP: 5/9
  2929 | Temple   | Entered the Ecumenical Temple
  3334 | D:4      | Found an ancient bone altar of Kikubaaqudgha.
  3391 | D:4      | Reached XP level 7. HP: 17/51 MP: 10/10
  3562 | D:4      | Identified the +7 dagger of Risk Management {heavy, Will+}
  3574 | D:4      | Found a runed translucent door.
  3575 | D:4      | Noticed Crazy Yiuf
  3635 | D:4      | Killed Crazy Yiuf
  3936 | D:4      | Reached skill level 6 in Hexes
  4088 | D:4      | Learned a level 4 spell: Cause Fear
  4216 | D:4      | Found a basalt altar of Yredelemnul.
  4346 | D:3      | Became a worshipper of Dithmenos the Shadowed
  4378 | D:5      | Entered Level 5 of the Dungeon
  4380 | D:5      | Found Vemmet's Antique Armour Emporium.
  4540 | D:5      | Reached XP level 8. HP: 28/58 MP: 12/12
  4697 | D:5      | Reached skill level 5 in Ranged Weapons
  4908 | D:5      | Reached skill level 1 in Translocations
  5222 | D:6      | Noticed a wyvern
  5239 | D:6      | Killed a wyvern
  5240 | D:6      | Reached skill level 7 in Hexes
  5346 | D:6      | Noticed Maggie
  5354 | D:6      | Killed Maggie
  5355 | D:6      | Reached XP level 9. HP: 65/65 MP: 14/14
  5428 | D:6      | Learned a level 3 spell: Portal Projectile
  5431 | D:6      | Learned a level 2 spell: Wereblood
  5592 | D:6      | Reached skill level 1 in Shields
  5592 | D:6      | Reached skill level 1 in Transmutations
  5631 | D:6      | Reached skill level 8 in Hexes
  6538 | D:7      | Reached * piety under Dithmenos
  6539 | D:7      | Reached skill level 5 in Fighting
  6611 | D:7      | Noticed a kobold demonologist
  6612 | D:7      | Noticed a kobold demonologist
  6620 | D:7      | Noticed a sixfirhy
  6626 | D:7      | Noticed a sun demon
  6626 | D:7      | Killed a kobold demonologist
  6626 | D:7      | Killed a kobold demonologist
  6627 | D:7      | Reached skill level 9 in Hexes
  6627 | D:7      | Reached XP level 10. HP: 70/74 MP: 12/16
  6896 | D:7      | Found a sand-covered staircase.
  6901 | D:7      | Identified the +1 hat of the Scuffed Trout {Drain rN++
                  | rCorr Str+4}
  6906 | Ossuary  | Entered an ossuary
  6938 | Ossuary  | Reached ** piety under Dithmenos
  7268 | D:8      | Found a large runed translucent door.
  7268 | D:8      | Found a large runed translucent door.
  7291 | D:8      | Noticed a centaur warrior
  7292 | D:8      | Noticed a two-headed ogre
  7532 | D:8      | Found a sacrificial altar of Ru.
  7554 | D:8      | Slain by an orc priest

Illustrated notes

Levels and vault maps discovered:
D:1:      scummos_arrival_gate, layout_loops_ring,
          shapermc_ecumenical_altar_pompeii, minmay_distorted
D:2:      layout_loops_corners, basic_altar, minmay_misc_feat_diagonals
D:3:      layout_loops_ring, chequers_temple_overflow_statue_of_worship,
          serial_shops, shop, minmay_misc_feat_room,
          hangedman_decor_diamond_cutter, uniq_natasha
D:4:      layout_gridville, lemuel_zombie_altar_kikubaaqudgha, kennysheep_mini,
          minmay_temple_entry_waves, uniq_crazy_yiuf_cottage
D:5:      layout_rooms, serial_shops, nicolae_diamond_shop
D:6:      layout_basic, uniq_maggie
D:7:      layout_rooms, enter_ossuary_1
D:8:      layout_cave_pools, lemuel_round_altar, kennysheep_mini_moat,
          enter_bailey_3, minmay_hollow_rounded_squares
Temple:   zaba_magenta_temple

Skill      XL: |  1  2  3  4  5  6  7  8  9 10 |
---------------+-------------------------------+-----
Hexes          | 4 5 6 7 9 |  9.4
Fire Magic     | 1 2 3 |  3.0
Ranged Weapons | 3 4 5 7 8 |  8.1
Fighting       | 2 3 4 5 6 |  6.0
Spellcasting   | 2 3 4 |  4.0
Translocations | 1 3 |  3.0
Shields        | 3 4 |  4.6
Transmutations | 2 |  2.0
Dodging        | |  1.7

Action                   |  1- 3 |  4- 6 |  7- 9 | 10-12 || total
-------------------------+-------+-------+-------+-------++-------
Melee: Shortbow          |       |       |       |     1 ||     1
 Fire: Sling             |   111 |   209 |   268 |       ||   588
       Shortbow          |       |       |    42 |   113 ||   155
       Arbalest          |       |       |       |    16 ||    16
 Cast: Slow              |     4 |     6 |    20 |     4 ||    34
       Inner Flame       |       |     7 |     7 |     8 ||    22
       Summon Guardian G |       |     6 |    19 |     4 ||    29
       Cause Fear        |       |       |     4 |     4 ||     8
       Portal Projectile |       |       |       |     1 ||     1
       Wereblood         |       |       |       |     1 ||     1
  Use: Scroll            |     3 |     2 |     4 |     4 ||    13
       Potion            |       |       |     2 |     1 ||     3
Armor: Robe              |    19 |    43 |    52 |       ||   114
       Steam dragon scal |       |       |    23 |    34 ||    57
Dodge: Dodged            |    42 |    84 |   143 |    82 ||   351

Table legend: (Time is in decaauts)
 A = Elapsed time spent in this place.
 B = Non-inter-level travel time spent in this place.
 C = Inter-level travel time spent in this place.
 D = Time resting spent in this place.
 E = Time spent auto-exploring this place.
 F = Levels seen in this place.
 G = Mean time per level.
                   A        B        C        D        E       F      G
               +--------+--------+--------+--------+--------+-----+--------+
         Total |   7698 |   7424 |    274 |   1068 |   4547 |  10 |  769.8 |
       Dungeon |   7402 |   7146 |    256 |   1068 |   4351 |   8 |  925.2 |
        Temple |     73 |     55 |     18 |      0 |     50 |   1 |   73.0 |
       Ossuary |    222 |    222 |      0 |      0 |    146 |   1 |  222.0 |
               +--------+--------+--------+--------+--------+-----+--------+

Top non-repeatable levels by time:
     D:4: 1502 daAuts
     D:6: 1169 daAuts
     D:3: 1121 daAuts
     D:2: 981 daAuts
     D:7: 967 daAuts
     D:1: 788 daAuts
     D:5: 783 daAuts
 Ossuary: 222 daAuts
     D:8: 89 daAuts
  Temple: 73 daAuts
